Map: Dusk Towers

Players

Seither - Winner!

  • Race: Terran Terran
  • League: Master

HTOMario

  • Race: Terran Terran
  • League: Grandmaster

VOD

Have the link to the VOD?

Description

Time

  • Played on: Jan. 7, 2016, 12:18 a.m.
  • Length: 8:49
Show
View Real Time Build Order
Export as new Build Order

Seither Terran - Winner!

Build Orders: Reaper Expand, Banshee Rush 

Get SALT Encoding   

  12  0:01  SCV  
  13  0:13  SCV  
  14  0:17  Supply Depot  
  14  0:25  SCV  
  15  0:39  SCV  
  15  0:40  Barracks  
  16  0:45  Refinery  
  16  0:51  SCV  
  17  1:03  SCV  
  18  1:15  SCV  
  19  1:28  Orbital Command  
  19  1:29  Reaper  
  20  1:45  Command Center  
  20  1:54  SCV  
  20  1:59  Supply Depot  
  21  2:01  Reaper  
  21  2:06  Refinery  
  21  2:07  SCV  
  23  2:20  SCV  
  24  2:24  Factory  
  24  2:32  SCV  
  25  2:38  Reaper  
  26  2:44  SCV  
  26  2:56  SCV  
  26  2:57  Orbital Command  
  27  3:09  SCV  
  27  3:11  Barracks Reactor  
  28  3:14  Hellion, Starport  
  28  3:19  Supply Depot  
  30  3:21  SCV  
  30  3:24  SCV  
  32  3:33  SCV  
  33  3:35  Factory Tech Lab  
  33  3:36  SCV  
  34  3:45  SCV  
  35  3:48  SCV  
  35  3:54  Command Center  
  35  3:57  SCV  
  35  3:58  Cloaking Field  
  35  3:59  Banshee  
  35  4:00  Factory Tech Lab, SCV  
  40  4:03  Marine x2  
  40  4:09  SCV  
  43  4:12  SCV  
  44  4:21  Marine x2  
  44  4:22  Supply Depot  
  49  4:25  SCV x2  
  49  4:26  Cyclone  
  51  4:33  Refinery  
  51  4:34  Refinery  
  51  4:37  SCV x2  
  53  4:39  Marine  
  53  4:43  Banshee, Marine  
  53  4:45  Supply Depot  
  58  4:53  SCV  
  58  4:54  SCV, Engineering Bay  
  58  4:57  Engineering Bay  
  58  4:58  Marine  
  61  5:01  Marine  
  61  5:06  SCV x2  
  64  5:08  Orbital Command  
  63  5:16  Marine  
  63  5:18  SCV x2  
  63  5:19  Marine  
  65  5:23  Siege Tank  
  66  5:30  SCV x2  
  68  5:41  SCV  
  68  5:42  SCV  
  70  5:43  Starport Reactor  
  70  5:44  Barracks  
  70  5:46  Barracks  
  70  5:47  SCV  
  71  5:50  Terran Infantry Weapons Level 1, Terran Infantry Armor Level 1  
  71  5:53  SCV  
  69  5:57  Stimpack  
  69  5:59  SCV  
  69  6:00  SCV  
  71  6:13  SCV x2, Orbital Command  
  71  6:15  Siege Tank, Marine  
  74  6:21  Barracks  
  74  6:22  Barracks  
  74  6:26  Starport Reactor  
  74  6:32  SCV x2  
  76  6:33  Marine x2  
  76  6:39  Marine  
  79  6:42  Supply Depot  
  79  6:44  SCV x3  
  82  6:50  Factory, Marine  
  83  6:54  Sensor Tower  
  83  6:55  Marine x2  
  83  7:01  Supply Depot  
  85  7:03  Supply Depot x2, Marine x2  
  85  7:04  SCV x3  
  85  7:06  Refinery x2  
  85  7:07  Medivac  
  92  7:09  Armory  
  92  7:22  Medivac, Marine x3  
  93  7:23  Barracks Reactor x2, Siege Tank  
  93  7:26  Supply Depot, SCV  
  93  7:27  SCV x2  
  93  7:29  Supply Depot  
  103  7:32  Marine x2  
  103  7:35  Supply Depot, Factory Tech Lab  
  105  7:39  SCV x3  
  105  7:40  Medivac  
  105  7:43  Marine  
  105  7:44  Marine x2  
  112  7:49  Supply Depot  
  112  7:50  Marine  
  112  7:51  SCV x3  
  116  7:52  Supply Depot, Marine, Medivac  
  116  7:54  Siege Tank  
  123  7:59  Siege Tank  
  123  8:01  Marine  
  127  8:08  Sensor Tower  
  127  8:10  Marine x3  
  127  8:11  Marauder  
  132  8:14  Marine x3  
  132  8:15  Marine  
  136  8:21  Barracks  
  136  8:22  Barracks  
  136  8:26  Marine  
  137  8:27  Marine  
  137  8:28  Marine  
Show
View Real Time Build Order
Export as new Build Order

HTOMario Terran 

Build Orders: Reaper Expand, MMM Bio 

Get SALT Encoding   

  12  0:00  SCV  
  13  0:12  SCV  
  14  0:17  Supply Depot  
  14  0:24  SCV  
  15  0:38  SCV  
  16  0:43  Barracks  
  16  0:50  Refinery  
  16  0:51  SCV  
  17  1:03  SCV  
  18  1:16  SCV  
  19  1:30  Orbital Command  
  19  1:34  Reaper  
  20  1:45  Command Center  
  20  1:53  Supply Depot  
  20  1:56  SCV  
  21  2:06  Refinery  
  20  2:08  SCV  
  20  2:09  Barracks Reactor  
  21  2:20  SCV  
  22  2:29  Factory  
  22  2:33  SCV  
  23  2:45  SCV  
  23  2:49  Marine x2  
  26  2:57  SCV, Orbital Command  
  26  3:07  Marine x2  
  26  3:09  SCV  
  29  3:14  Hellion  
  29  3:16  Starport  
  31  3:21  SCV  
  31  3:22  SCV  
  31  3:25  Marine x2  
  35  3:33  SCV  
  36  3:34  SCV  
  37  3:43  Marine  
  37  3:45  SCV  
  37  3:47  SCV, Factory Tech Lab  
  40  3:53  Medivac  
  42  3:57  SCV  
  43  4:03  SCV, Supply Depot  
  43  4:04  Command Center  
  43  4:09  SCV  
  45  4:17  Marine  
  45  4:18  Stimpack  
  46  4:25  Hellion x2  
  46  4:29  SCV  
  51  4:31  Viking  
  51  4:37  SCV  
  51  4:38  Supply Depot x2  
  54  4:41  Supply Depot  
  54  4:59  SCV x2, Marine  
  61  5:00  Hellion x2  
  60  5:11  SCV x2  
  53  5:23  SCV x2  
  53  5:26  Orbital Command  
  53  5:27  Refinery x2, Engineering Bay  
  46  5:29  Hellion, Marine  
  46  5:30  Hellion, Viking  
  46  5:31  Barracks  
  46  5:32  Barracks  
  52  5:36  SCV  
  52  5:40  SCV  
  51  5:48  SCV  
  50  5:58  SCV x2  
  50  5:59  Missile Turret  
  50  6:00  Missile Turret  
  50  6:02  Missile Turret  
  51  6:10  SCV x2  
  52  6:19  Starport Reactor  
  52  6:21  Barracks Reactor  
  52  6:24  SCV  
  53  6:29  Factory Tech Lab  
  53  6:33  Combat Shields, Marine  
  53  6:36  SCV  
  53  6:37  SCV  
  56  6:42  Orbital Command  
  56  6:48  SCV  
  56  6:51  Marine  
  56  6:52  Siege Tank, Marine x2  
  56  6:53  Barracks  
  63  6:56  Barracks  
  63  7:00  SCV x2  
  65  7:04  Marine x2  
  67  7:09  Marine  
  67  7:10  SCV  
  67  7:12  SCV  
  67  7:13  Medivac  
  70  7:16  Medivac  
  70  7:21  SCV  
  70  7:22  SCV  
  74  7:26  Siege Tank  
  77  7:31  SCV  
  77  7:32  Marine x3  
  77  7:33  SCV, Marine x2  
  84  7:40  Barracks Reactor  
  84  7:42  Barracks Reactor  
  84  7:43  Medivac  
  86  7:46  SCV, Medivac  
  86  7:47  Supply Depot  
  86  7:50  Marine x3  
  86  7:51  Sensor Tower  
  92  7:59  Marine  
  93  8:06  Supply Depot  
  93  8:07  Supply Depot  
  93  8:08  SCV x2, Siege Tank, Marine  
  99  8:15  Marine x2  
  101  8:20  Supply Depot  
  101  8:27  SCV x2, Marine x4  
Tags
 
Add a new tag
Caveats
  • Supply blocks, unpowered buildings, or Contaminate may cause inaccurate times.
  • Supply counts are checked every 10 seconds.